 Dungeon Crawl Stone Soup version 0.30-a0-137-gd8773701ce (webtiles) character file.

Game seed: 13818797443218214053

44 blackman the Shooter (level 3, -9/26 HPs)
             Began as a Human Wanderer on Sept 22, 2022.
             Killed by divine providence
             ... invoked by an orc priest
              (13 damage)
             ... on level 2 of the Dungeon.
             The game lasted 00:02:12 (1023 turns).

blackman the Shooter (Human Wanderer)               Turns: 1023, Time: 00:02:12

Health: -9/26      AC:  8    Str: 13    XL:     3   Next: 85%
Magic:  4/4        EV:  5    Int: 11    God:
Gold:   110        SH:  0    Dex: 14    Spells: 4/4 levels left

rFire   . . .      SeeInvis .    b - +1 trident (vamp)
rCold   . . .      Faith    .    (no shield)
rNeg    . . .      Spirit   .    k - +0 chain mail
rPois   .          Reflect  .    (no helmet)
rElec   .          Harm     .    (no cloak)
rCorr   .          Rampage  .    (no gloves)
Will    .....                    (no boots)
Stlth   ..........               (no amulet)
HPRegen 0.08/turn                (no ring)
MPRegen 0.09/turn                (no ring)

@: no status effects
A: no striking features
a: no special abilities


You were on level 2 of the Dungeon.
You visited 1 branch of the dungeon, and saw 2 of its levels.

You collected 110 gold pieces.

Inventory:

Hand Weapons
 a - a +2 sling
 b - a +1 vampiric trident (weapon)
 f - a +1 short sword of electrocution
Missiles
 e - 4 boomerangs
Armour
 k - a +0 chain mail (worn)
Wands
 j - a wand of iceblast (10)
Scrolls
 c - a scroll of summoning
 d - a scroll of enchant weapon {unknown}
 h - a scroll of teleportation {unknown}
 m - a scroll of butterflies {unknown}
 n - a scroll of identify {unknown}
 o - a scroll of enchant armour {unknown}
Potions
 g - a potion of attraction {unknown}
 i - a potion of curing {unknown}
 l - a potion of flight {unknown}


   Skills:
 - Level 1.0 Fighting
 - Level 1.2 Long Blades
 * Level 1.7 Polearms
 - Level 3.6 Ranged Weapons
 - Level 2.0 Armour
 - Level 1.0 Spellcasting
 - Level 3.0 Necromancy


You had 4 spell levels left.
You didn't know any spells.
Your spell library contained the following spells:

 Spells                   Type           Power      Damage    Failure   Level
 Sublimation of Blood     Necr           7%         N/A       99%         2
 Cigotuvi's Dreadful Rot  Necr/Pois/Air  4%         N/A       100%        2
 Gell's Gravitas          Tloc           0%         N/A       100%        3
 Lesser Beckoning         Tloc           0%         N/A       100%        3
 Teleport Other           Tloc           0%         N/A       100%        3


Dungeon Overview and Level Annotations

Branches:
Dungeon (2/15)

Altars:


Message History

You are too injured to fight recklessly!
You are too injured to fight recklessly!
You are too injured to fight recklessly!
You are too injured to fight recklessly!
You are too injured to fight recklessly!
You hit the orc.
You feel better.
The orc is heavily wounded.
The orc hits you but does no damage.
You hit the orc but do no damage.
The orc is heavily wounded.
The orc hits you with a +0 war axe.
The orc priest calls upon Beogh to heal the orc.
The orc's wounds heal themselves!
You hit the orc.
The orc is lightly wounded.
The orc barely misses you.
You hit the orc but do no damage.
The orc is lightly wounded.
The orc completely misses you.
You barely miss the orc.
The orc is lightly wounded.
The orc closely misses you.
You hit the orc.
The orc is severely wounded.
The orc barely misses you.
You puncture the orc!
You feel better.
You kill the orc!
The orc closely misses you.
You hit the orc but do no damage. You hit the orc.
You feel better.
The orc is heavily wounded.
The orc priest invokes the aid of Beogh against you.
Beogh smites you!
Ouch! That really hurt!
* * * LOW HITPOINT WARNING * * *
The orc hits you but does no damage.
The orc priest mumbles some strange prayers to Beogh against you.
Beogh smites you!
Ouch! That really hurt!
You die...

## .. #.# #####
..# #...# o.. #
....### #o### .#
#.(...#
#########o#..###.
#..##.#
.......#@# .....
#..# ..........##
#..# #..#
#.......#.###.#
...#
..........#..#
#..#
.......###.#.#
#..# .......
#.#.# #..#
.......###.#)#
####.
#..########....
...#.#### #....
#......)....###
##.#....#####.##.


You could see 2 orc priests and an orc.

Vanquished Creatures
  2 dart slugs (D:1)
  An orc (D:2)
  3 endoplasms (D:1)
  A giant cockroach (D:1)
  7 goblins
  4 hobgoblins (D:1)
  2 jackals (D:1)
  A quokka (D:1)
  4 ball pythons
  3 bats
  2 frilled lizards (D:1)
  3 kobolds (D:1)
  3 rats
36 creatures vanquished.

Notes
Turn   | Place    | Note
-------+----------+-------------------------------------------
     0 | D:1      | blackman the Human Wanderer began the quest for the Orb.
     0 | D:1      | blackman set off with the following items: a +2 sling, a +0
                  | ring mail, a scroll of summoning; and the following spells
                  | available to memorise: Sublimation of Blood, Cigotuvi's
                  | Dreadful Rot.
     0 | D:1      | Reached XP level 1. HP: 15/15 MP: 2/2
   210 | D:1      | Reached XP level 2. HP: 21/21 MP: 3/3
   427 | D:1      | Reached skill level 1 in Long Blades
   444 | D:1      | Reached XP level 3. HP: 20/26 MP: 4/4
   634 | D:1      | Reached skill level 1 in Polearms
  1023 | D:2      | Killed from afar by an orc priest

Illustrated notes

Levels and vault maps discovered:
D:1:      ebering_trefoil_3fold, layout_rooms, st_stairs_8
D:2:      layout_loops_ring, minivault_27, roderic_serpentine_path,
          minmay_door_square, corexii_corridor_pit

Skill      XL: |  1  2  3 |
---------------+----------+-----
Long Blades    | 1 |  1.2
Polearms       | 1 |  1.7
Fighting       | |  1.0
Ranged Weapons | |  3.6
Armour         | |  2.0
Spellcasting   | |  1.0
Necromancy     | |  3.0

Action                   || total
-------------------------++-------
Melee: Short sword       ||    23
       Trident           ||    56
 Fire: Sling             ||    21
Armor: Ring mail         ||    22
       Chain mail        ||    24
Dodge: Dodged            ||    41

Table legend: (Time is in decaauts)
 A = Elapsed time spent in this place.
 B = Non-inter-level travel time spent in this place.
 C = Inter-level travel time spent in this place.
 D = Time resting spent in this place.
 E = Time spent auto-exploring this place.
 F = Levels seen in this place.
 G = Mean time per level.
                   A        B        C        D        E       F      G
               +--------+--------+--------+--------+--------+-----+--------+
         Total |   1042 |    978 |     64 |      0 |    757 |   2 |  521.0 |
       Dungeon |   1042 |    978 |     64 |      0 |    757 |   2 |  521.0 |
               +--------+--------+--------+--------+--------+-----+--------+

Top non-repeatable levels by time:
     D:1: 859 daAuts
     D:2: 183 daAuts
